 Dungeon Crawl Stone Soup version 0.31.0-11-ge490571c62 (webtiles) character file.

Game seed: 12270485486580772686

1493876 champdelmundo the Impregnable (level 24, 235/235 HPs)
             Began as a Minotaur Fighter on Jan 25, 2024.
             Was a High Priest of Ru.
             Escaped with the Orb
             ... and 3 runes on Jan 28, 2024!
             The game lasted 11:32:48 (84873 turns).

champdelmundo the Impregnable (Minotaur Fighter)   Turns: 84873, Time: 11:32:48

Health: 235/235    AC: 24    Str: 35    XL:     24   Next: 64%
Magic:  22/22      EV: 22    Int: 10    God:    Ru [*****.]
Gold:   2284       SH: 25    Dex: 12    Spells: 23/23 levels left

rFire   + + .        d - +6 war axe of Res Nullius {holy, rC+++ Int+4 SInv}
rCold   + . .        Y - +5 kite shield {reflect}
rNeg    . . .        E - +3 salamander hide armour {Flames, rFlCloud rF++ rC--}
rPois   .            r - +0 hat
rElec   +            H - +2 cloak {Stlth+}
rCorr   +            p - +2 pair of gloves
SInv    +            M - +2 pair of boots "Onkayqa" {rElec Regen+ Str+3}
Will    +++..        q - necklace of Bloodlust {Fury *Rage Will++ Int-3 Slay+6}
Stlth   ++           b - +4 ring of protection
HPRegen 1.39/turn    G - ring "Luosett" {Fly rElec rCorr Str+3 Int+6}
MPRegen 0.18/turn

%: random rage (59%), reflection
@: flying, hasted, very quick
A: horns 2, clumsy 1, inability to use devices, no hexes magic, no ice magic, no
necromancy magic, disrupted magic 1, inexperienced 1, retaliatory headbutt, no
forms, large bone plates 1, see invisible, berserk 2, deformed body, dopey 1,
mutation resistance 1
0: Orb of Zot
}: 3/15 runes: barnacled, slimy, gossamer
a: Renounce Religion, Sacrifice an Eye, Sacrifice Health, Sacrifice Stealth,
Reject Sacrifices, Draw Out Power, Power Leap, Apocalypse


You escaped.
You worshipped Ru.
Ru was extremely pleased with you.
You visited 10 branches of the dungeon, and saw 50 of its levels.
You visited 1 bazaar.

You collected 5472 gold pieces.
You spent 3188 gold pieces at shops.

Inventory:

Hand Weapons
 a - a +5 hand cannon of draining
 d - the +6 war axe of Res Nullius (weapon) {holy, rC+++ Int+4 SInv}
   (You found it on level 1 of the Shoals)

   Int+4:     It affects your intelligence (+4).
   rC+++:     It renders you almost immune to cold.
   SInv:      It lets you see invisible.
 s - a +9 war axe of flaming
 w - the +6 orcbow of a Billion Lovers {drain, rPois rF+++ Will- SInv}
   (You found it on level 5 of the Lair of Beasts)

   rF+++:     It renders you almost immune to fire.
   rPois:     It protects you from poison Will-: It decreases your willpower.
   SInv:      It lets you see invisible.
 W - the +10 quarterstaff "Siwestrow" {flame, Fly rC- rN+ Dex+7}
   (You found it on level 2 of the Depths)

   Dex+7:     It affects your dexterity (+7).
   rC-:       It makes you vulnerable to cold.
   rN+:       It protects you from negative energy.
   Fly:       It grants you flight.
Missiles
 c - 2 javelins
 i - 11 boomerangs (quivered)
 k - 18 curare-tipped darts
 t - 24 poisoned darts
 I - 3 throwing nets
 T - 4 datura-tipped darts
 V - 8 silver javelins
Armour
 p - a +2 pair of gloves (worn)
 r - a +0 hat (worn)
 B - the +1 chain mail of Museif {rN+ Int+3}
   (You found it on level 3 of the Shoals)

   Int+3:     It affects your intelligence (+3).
   rN+:       It protects you from negative energy.
 E - the +3 salamander hide armour (worn) {Flames, rFlCloud rF++ rC--}
   (You found it on level 3 of the Depths)

   Flames:    It surrounds you with flame clouds and enhances your fire magic.
   rFlCloud:  It grants immunity to flame clouds.
   rF++:      It greatly protects you from fire.
   rC--:      It makes you very vulnerable to cold.
 F - the +8 plate armour of the Fifty Princes {Dex+4}
   (You bought it in a shop on level 2 of the Orcish Mines)

   Dex+4:     It affects your dexterity (+4).
 H - a +2 cloak of stealth (worn)
 M - the +2 pair of boots "Onkayqa" (worn) {rElec Regen+ Str+3}
   (You found it on level 4 of the Spider Nest)

   Str+3:     It affects your strength (+3).
   rElec:     It insulates you from electricity.
   Regen+:    It increases your rate of health regeneration.
 R - a +3 plate armour of fire resistance
 S - the +5 chain mail of Ucifox {Will++ Int-5}
   (You took it off a merfolk on level 2 of the Shoals)

   Int-5:     It affects your intelligence (-5).
   Will++:    It greatly increases your willpower.
 Y - a +5 kite shield of reflection (worn)
Jewellery
 b - a +4 ring of protection (left hand)
 q - the necklace of Bloodlust (around neck) {Fury *Rage Will++ Int-3 Slay+6}
   (You found it on level 9 of the Dungeon)

   [amulet of nothing]

   Fury:      It extends the wearer's berserk rage when killing foes.
   Int-3:     It affects your intelligence (-3).
   Slay+6:    It affects your accuracy & damage with ranged weapons and melee
   (+6).
   Will++:    It greatly increases your willpower.
   *Rage:     It berserks you when you make melee attacks (+50% chance).
 x - a ring of willpower
 y - a +4 ring of slaying
 D - a +6 ring of strength
 G - the ring "Luosett" (right hand) {Fly rElec rCorr Str+3 Int+6}
   (You acquired it on level 3 of the Spider Nest)

   [ring of intelligence]

   Str+3:     It affects your strength (+3).
   Int+6:     It affects your intelligence (+6).
   rElec:     It insulates you from electricity.
   Fly:       It grants you flight.
   rCorr:     It protects you from acid and corrosion.
 J - a ring of willpower
 K - a ring of protection from fire
 N - a ring of protection from fire
 P - a ring of poison resistance
 Q - the macabre finger necklace {Finger+ rN+}
   (You found it on level 5 of the Pits of Slime)

   [amulet of nothing]

   Finger+:   It enables you to equip an extra ring.
   rN+:       It protects you from negative energy.
Scrolls
 e - 10 scrolls of teleportation
 l - 2 scrolls of silence
 m - 9 scrolls of fear
 z - 3 scrolls of blinking
 C - a scroll of revelation
 L - 8 scrolls of fog
 O - 4 scrolls of summoning
Potions
 f - 15 potions of heal wounds
 g - 11 potions of haste
 h - 7 potions of might
 j - 6 potions of mutation
 n - 10 potions of attraction
 o - 6 potions of cancellation
 u - 3 potions of invisibility
 v - 18 potions of curing
 A - 5 potions of resistance
 X - 8 potions of enlightenment
 Z - 6 potions of ambrosia


   Skills:
 - Level 23.0 Fighting
 - Level 19.3(20.0) Axes
 - Level 3.4(13.1) Maces & Flails
 - Level 7.7(14.6) Polearms
 - Level 15.0 Ranged Weapons
 - Level 16.0 Throwing
 - Level 24.1 Armour
 + Level 23.6 Dodging
 - Level 8.0 Stealth
 - Level 23.0 Shields


You had 23 spell levels left.
You didn't know any spells.
Your spell library contained the following spells:

 Spells                   Type           Power      Damage    Failure   Level
 Apportation              Tloc           0%         N/A       47%         1
 Foxfire                  Conj/Fire      0%         2x1d4     47%         1
 Magic Dart               Conj           0%         1d3       47%         1
 Sandblast                Erth           0%         2d4       47%         1
 Sting                    Conj/Alch      0%         1d3       47%         1
 Summon Small Mammal      Summ           0%         N/A       47%         1
 Blink                    Tloc           0%         N/A       63%         2
 Call Imp                 Summ           0%         N/A       63%         2
 Scorch                   Fire           0%         2d5       63%         2
 Passwall                 Erth           0%         N/A       83%         3
 Stone Arrow              Conj/Erth      0%         3d7       83%         3
 Volatile Blastmotes      Fire/Tloc      0%         2d10      83%         3
 Brom's Barrelling Bould  Conj/Erth      0%         2d3       99%         4
 Fulminant Prism          Conj/Alch      0%         3d5       99%         4
 Iskenderun's Mystic Bla  Conj/Tloc      0%         2d3       99%         4
 Leda's Liquefaction      Alch/Erth      0%         N/A       99%         4
 Manifold Assault         Tloc           0%         N/A       99%         4
 Olgreb's Toxic Radiance  Alch           0%         N/A       99%         4
 Passage of Golubria      Tloc           0%         N/A       99%         4
 Petrify                  Alch/Erth      0%         N/A       99%         4
 Sticky Flame             Fire/Alch      0%         2d4       99%         4
 Vhi's Electric Charge    Tloc/Air       0%         N/A       99%         4
 Alistair's Intoxication  Alch           0%         N/A       100%        5
 Arcjolt                  Conj/Air       0%         1d10      100%        5
 Lee's Rapid Deconstruct  Erth           0%         3d4*      100%        5
 Bombard                  Conj/Erth      0%         9d1       100%        6
 Plasma Beam              Fire/Air       0%         2x1d10    100%        6
 Starburst                Conj/Fire      0%         6d3       100%        6
 Maxwell's Capacitive Co  Air            0%         ∞         100%        8
 Necrotise                Necr           Unusable   1d4       N/A         1
 Jinxbite                 Hex            Unusable   N/A       N/A         2
 Dazzling Flash           Conj/Hex       Unusable   N/A       N/A         3
 Frozen Ramparts          Ice            Unusable   1d1       N/A         3
 Fugue of the Fallen      Necr           Unusable   N/A       N/A         3
 Ozocubu's Armour         Ice            Unusable   N/A       N/A         3
 Tukima's Dance           Hex            Unusable   N/A       N/A         3
 Freezing Cloud           Conj/Ice/Air   Unusable   6-21      N/A         5
 Metabolic Englaciation   Hex/Ice        Unusable   N/A       N/A         5
 Yara's Violent Unravell  Hex/Alch       Unusable   3d3       N/A         5
 Ozocubu's Refrigeration  Ice            Unusable   4d7       N/A         7
 Discord                  Hex            Unusable   N/A       N/A         8
 Infestation              Necr           Unusable   N/A       N/A         8

Dungeon Overview and Level Annotations

Branches:
Dungeon (15/15)            Temple (0/1) D:5            Lair (5/5) D:11
 Shoals (4/4) Lair:2       Spider (4/4) Lair:3        Slime (5/5) Lair:5
    Orc (2/2) D:12            Elf (2/3) Orc:2        Vaults (4/5) D:14
  Crypt (0/3) Vaults:3     Depths (4/4) D:15            Zot (5/5) Depths:4

Altars:
Elyvilon
Kikubaaqudgha
Qazlal
Ru
Uskayaw
Vehumet
Xom
Jiyva
Lugonu

Shops:
D:10 :   D:15 ?   Orc:1 *   Orc:2 *[(:   Shoals:3 (   Vaults:3 =   Depths:3 !*

Portals:
Hell: Depths:1 Depths:2 Depths:3 Depths:4
Abyss: Lair:5 Depths:1 Depths:3
Pandemonium: Depths:3
Ziggurat: Depths:4

Annotations:
Elf:2 Roxanne
Vaults:4 Zenata


Innate Abilities, Weirdness & Mutations

You have a pair of horns on your head.
You are clumsy. (Dex -2)
You cannot study or use magical devices.
You cannot study or cast Hexes magic.
You cannot study or cast Ice magic.
You cannot study or cast Necromancy magic.
Your casting is slightly disrupted.
You are somewhat inexperienced. (-1 XL)
You reflexively headbutt those who attack you in melee.
You cannot voluntarily change form.
You are partially covered in large bone plates. (SH +4)
You have supernaturally acute eyesight. (SInv)
You have an uncontrollable temper.
Armour fits poorly on your strangely shaped body.
You are dopey. (Int -2)
You are somewhat resistant to further mutation.


Message History

Juroq gestures.
The dungeon shakes, a horrible noise fills the air, and a portal to some otherworldly place is opened!
Juroq is engulfed in blazing flames. x2
Juroq is engulfed in blazing flames.
Juroq gestures at you. You resist with almost no effort.
Juroq is engulfed in blazing flames.
Juroq is engulfed in blazing flames.
Juroq is engulfed in blazing flames.
The soul eater is engulfed in blazing flames.
There is a stone staircase leading up here.
You fly upwards.
There is a stone staircase leading down here.
What level of the Dungeon? (default 1, ? - help)
Your extra speed is starting to run out.
You feel yourself slow down.
There is an open door here.
There is a stone staircase leading up here.
You fly upwards.
There is a stone staircase leading down here.
There is an escape hatch in the ceiling, spattered with blood here.
A mysterious force pulls you upwards. The hatch slams shut behind you.
There is a stone staircase leading up here.
You fly upwards.
There is a stone staircase leading down here.
Things that are here:
3 stones; a +0 dagger
There is a stone staircase leading up here.
You fly upwards.
There is a stone staircase leading down here.
An orange demon comes into view.
You feel yourself speed up.
There is a stone staircase leading up here.
You fly upwards.
There is a stone staircase leading down here.
What level of the Dungeon? (default 1, ? - help) You're already here!
There is an open door here.
There is a staircase leading out of the dungeon here.
You have escaped!

#..............# ##.......#
#.....################ #.......#
#.....# ~~~~~~~~~## #.......#
####### # ~~~~~~~~~~# #.......#
.# #~§~#~~~~#~~# ###.##### .#
#~~~~~~~~~°~#####.# .# #~~~
~~~~~~~#.....##### .#
###############..........
.########..+...○@☼°☼.'○..........
..........##############.........
........###~~~ ~~~~~~~##.........
........# #~~~~~○~~~~☼##.........
........# #~~~#~○~~#~○#####'#####
........### ~~~~~~~~~~#####.#####
..........# ~~~☼~~~~○##..........
##'####...# ##########..##.......
....# #...# ##....###.......


There were no monsters in sight!

Vanquished Creatures
  the Royal Jelly (Slime:5)
  5 orbs of fire
  An ancient lich (Zot:5)
  Xtahua (Depths:3)
  Vv (Depths:3)
  9 Killer Klowns (Zot:5)
  3 curse toes
  Nikola (Shoals:4)
  A bone dragon (Depths:4)
  Norris (Depths:3)
  6 golden dragons
  3 electric golems
  Jorgrun (Spider:3)
  Rupert (D:14)
  4 liches (Depths:3)
  9 tentacled monstrosities
  Asterion (Vaults:1)
  7 quicksilver dragons
  26 Orb Guardians
  15 acid blobs
  A sphinx (Vaults:3)
  Polyphemus (Shoals:3)
  An ancient champion (Depths:3)
  5 death cobs
  Agnes (Spider:3)
  Aizul (Spider:3)
  3 krakens
  3 tengu reavers
  16 azure jellies
  16 storm dragons
  Donald (Elf:2)
  Ilsuiw (Shoals:2)
  8 shadow dragons
  7 rockslimes
  5 draconian knights
  10 protean progenitors
  10 frost giants
  2 iron dragons
  8 fire giants
  4 daevas (Depths:3)
  7 vault wardens
  Louise (Spider:4)
  8 draconian monks
  2 emperor scorpions (Zot:5)
  4 draconian scorchers
  4 ghost moths
  2 draconian stormcallers
  3 balrugs
  3 draconian shifters
  8 draconian annihilators
  19 ironbound preservers
  40 very ugly things
  3 spriggan defenders (Depths:2)
  11 formless jellyfish
  5 orc warlords
  8 quicksilver oozes
  13 stone giants
  4 broodmothers
  12 green draconians
  5 ironbound thunderhulks
  3 vampire knights
  A deep elf death mage (Vaults:4)
  10 purple draconians
  13 black draconians
  16 red draconians
  Azrael (Elf:2)
  2 deep elf demonologists
  9 spark wasps
  A bunyip (Zot:1)
  14 yellow draconians
  9 white draconians
  8 dire elephants
  Snorg (D:10)
  A green death (Zot:3)
  8 merfolk javelineers
  19 fire dragons
  5 ettins
  2 spriggan zombies (Depths:3)
  9 merfolk impalers
  A jiangshi (Vaults:3)
  12 vault guards
  8 ice dragons
  A deep elf high priest (Vaults:4)
  10 entropy weavers
  13 yaktaur captains
  6 hydras
  A quicksilver dragon skeleton (Vaults:4)
  4 salamander tyrants
  6 spriggan air magi
  Harold (Orc:1)
  A peacekeeper (Vaults:2)
  A rakshasa (Depths:3)
  14 great orbs of eyes
  3 ogre magi
  Erolcha (Orc:2)
  3 catoblepae
  3 jorogumos
  4 merfolk aquamancers
  3 radroaches
  7 alligator snapping turtles
  15 ironbound frosthearts
  4 merfolk avatars
  7 two-headed ogres
  15 centaur warriors
  27 dancing weapons
  12 boulder beetles
  3 orc high priests
  2 deep troll shamans (Depths:2)
  8 death yaks
  3 satyrs
  Urug (Lair:2)
  3 hell hogs (Depths:3)
  8 deep troll earth magi
  15 tengu warriors
  6 hell knights
  5 vampire magi
  2 thrashing horrors (Lair:5)
  Sonja (Lair:2)
  6 spriggan berserkers
  4 occultists
  11 demonic crawlers
  11 deep elf knights
  4 sun demons
  Lodul (D:10)
  4 skysharks
  2 iron trolls (Depths:4)
  A goliath frog (Zot:3)
  A salamander mystic (Depths:1)
  A skeletal warrior (Vaults:3)
  3 pharaoh ants
  10 sea snakes
  41 deep trolls
  2 sun moths
  5 cherubim (Depths:3)
  9 deep elf archers
  A flayed ghost (Depths:4)
  A golden dragon skeleton (Depths:3)
  9 orb spiders
  4 glowing orange brains
  An orange crystal statue (Zot:5)
  9 lindwurms
  2 large abominations (Lair:5)
  A spark wasp zombie (Depths:3)
  4 arcanists
  11 orc knights
  3 phantasmal warriors
  10 harpies
  10 steelbarb worms
  9 necromancers
  14 ironbound convokers
  Pikel (D:5)
  10 shining eyes
  17 deep elf zephyrmancers
  53 ugly things
  12 deep elf pyromancers
  23 manticores
  11 wolf spiders
  4 orc sorcerers
  A frost giant zombie (Vaults:4)
  A tengu skeleton (Depths:3)
  Maurice (Orc:1)
  11 fauns
  6 salamanders (Depths:1)
  2 human zombies
  10 cyclopes
  28 moths of wrath
  A meliai (Spider:4)
  2 kobold blastminers (Orc:2)
  A rust devil (Depths:3)
  11 merfolk sirens
  3 black mambas
  6 elephants (Lair:5)
  13 vault sentinels
  An elf skeleton (Vaults:2)
  A human skeleton (Vaults:4)
  7 smoke demons (Lair:5)
  A water nymph (Shoals:4)
  10 cane toads
  3 eyes of devastation
  6 torpor snails
  A freezing wraith (D:15)
  A yaktaur zombie (Vaults:4)
  3 unseen horrors
  2 efreet
  A cane toad (shapeshifter) (D:15)
  A kobold demonologist (D:12)
  20 yaktaurs
  3 rime drakes
  12 komodo dragons
  2 tengu conjurers
  3 polar bears
  5 wind drakes
  10 trolls
  26 blink frogs
  39 merfolk
  A raiju (Lair:5)
  9 glass eyes
  2 hornets (D:9)
  30 tarantellas
  9 dream sheep
  118 slime creatures
  An ettin zombie (Vaults:2)
  17 culicivoras
  An air elemental (Elf:1)
  6 snapping turtles
  A spriggan (Lair:5)
  A deep troll skeleton (Vaults:4)
  21 jumping spiders
  3 shadows
  A ynoxinul (Lair:5)
  11 small abominations (Lair:5)
  2 vampires
  2 wyverns
  A wraith (D:12)
  13 water elementals
  9 basilisks
  33 yaks
  4 fire elementals (Elf:2)
  16 humans (D:14)
  Grum (D:10)
  A steam dragon (D:7)
  8 golden eyes
  11 vampire mosquitoes
  52 redbacks
  An elf simulacrum (Vaults:4)
  3 wargs
  An ogre zombie (Vaults:4)
  An acid dragon (shapeshifter) (Elf:1)
  4 hell hounds (Elf:2)
  12 water moccasins
  An acid dragon (D:11)
  22 orc warriors
  4 black bears
  3 ice beasts
  A sky beast (D:6)
  6 laughing skulls (D:13)
  A redback (shapeshifter) (Depths:4)
  A sky beast (shapeshifter) (Elf:1)
  7 wolves
  9 ogres
  A phantom (D:5)
  20 centaurs
  4 kobold brigands
  7 bullfrogs
  3 gnoll sergeants
  A glowing shapeshifter simulacrum (Vaults:1)
  7 scorpions
  An earth elemental (Elf:1)
  6 wights
  11 killer bees
  6 howler monkeys
  2 bombardier beetles
  5 hounds
  6 jellies
  17 orc priests
  A sleepcap (D:7)
  3 gnoll boudas
  25 orc wizards
  5 iguanas
  29 gnolls
  11 adders
  A shadow imp (D:5)
  4 ufetubi
  A ribbon worm (D:2)
  2 dart slugs
  82 orcs
  4 bats
  8 endoplasms
  5 giant cockroaches
  3 goblins
  8 hobgoblins
  4 jackals
  5 quokkas
  6 ball pythons
  5 frilled lizards
  20 kobolds
  3 rats
  4 aspiring fleshes
  10 tentacles
2134 creatures vanquished.

Vanquished Creatures (others)
  A Killer Klown (Zot:5)
  Arachne (Spider:2)
  An azure jelly (Slime:4)
  A vault warden (Vaults:3)
  A ghost moth (Spider:4)
  An ironbound preserver (Vaults:2)
  A stone giant (Depths:2)
  A bunyip (Zot:1)
  3 ettins
  A great orb of eyes (Zot:2)
  A centaur warrior (D:15)
  A deep troll (Vaults:3)
  A deep elf zephyrmancer (Elf:1)
  A deep elf pyromancer (Vaults:4)
  A faun (Shoals:3)
  An ugly thing (Depths:1)
  A manticore (D:15)
  2 yaktaurs
  A wind drake (Shoals:3)
  A merfolk (Shoals:1)
  A blink frog (Lair:4)
  A jumping spider (Lair:3)
  A yak (D:9)
  A chaos spawn (Zot:4)
  An orc warrior (Orc:1)
  A human zombie (Vaults:4)
  A phantom (D:7)
  2 orcs
  18 tentacles
50 creatures vanquished.

Grand Total: 2184 creatures vanquished

Notes
Turn   | Place    | Note
-------+----------+-------------------------------------------
     0 | D:1      | champdelmundo the Minotaur Fighter began the quest for the
                  | Orb.
     0 | D:1      | Reached XP level 1. HP: 19/19 MP: 0/0
    26 | D:1      | Reached XP level 2. HP: 27/27 MP: 1/1
    91 | D:1      | Found a faded altar of an unknown god.
   104 | D:1      | Prayed at the altar of an unknown god.
   104 | D:1      | Became a worshipper of Ru the Awakened
   108 | D:1      | Reached skill level 4 in Armour
   121 | D:1      | Gained mutation: You cannot study or use magical devices.
                  | [Ru sacrifice]
   121 | D:1      | Reached * piety under Ru
   121 | D:1      | Reached ** piety under Ru
   327 | D:1      | Reached skill level 1 in Dodging
   340 | D:1      | Reached XP level 3. HP: 33/33 MP: 2/2
  1215 | D:3      | Identified the +1 robe of Restlessness {Rampage Will+
                  | Str+3}
  1281 | D:3      | Reached XP level 4. HP: 40/40 MP: 3/3
  1653 | D:4      | Reached skill level 1 in Throwing
  1653 | D:4      | Reached XP level 5. HP: 37/46 MP: 4/4
  1720 | D:4      | Gained mutation: You are clumsy. (Dex -2) [Ru sacrifice]
  1720 | D:4      | Reached *** piety under Ru
  1943 | D:4      | You fall into a shaft and drop 2 floors!
  1996 | D:6      | Reached skill level 1 in Stealth
  1998 | D:6      | Reached XP level 6. HP: 26/52 MP: 5/5
  2225 | D:5      | Entered Level 5 of the Dungeon
  2940 | D:4      | Reached skill level 5 in Fighting
  3014 | D:5      | Found a staircase to the Ecumenical Temple.
  3034 | D:5      | Reached XP level 7. HP: 63/63 MP: 6/6
  3493 | D:5      | Noticed Pikel
  3515 | D:5      | Killed Pikel
  3516 | D:5      | Reached XP level 8. HP: 16/74 MP: 7/7
  3767 | D:5      | Reached skill level 5 in Throwing
  4133 | D:5      | Reached skill level 5 in Shields
  4263 | D:6      | Gained mutation: You cannot study or cast Ice magic. [Ru
                  | sacrifice]
  4263 | D:6      | Gained mutation: You cannot study or cast Hexes magic. [Ru
                  | sacrifice]
  4263 | D:6      | Gained mutation: You cannot study or cast Necromancy magic.
                  | [Ru sacrifice]
  4263 | D:6      | Reached **** piety under Ru
  4459 | D:6      | Reached XP level 9. HP: 81/81 MP: 8/8
  6094 | D:7      | Reached skill level 10 in Dodging
  6199 | D:8      | Found a hide-covered altar of Uskayaw.
  6204 | D:8      | Found a sacrificial altar of Ru.
  6371 | D:8      | Reached XP level 10. HP: 76/88 MP: 9/9
  6585 | D:8      | Reached skill level 10 in Shields
  6654 | D:8      | Gained mutation: Your casting is slightly disrupted. [Ru
                  | sacrifice]
  7291 | D:9      | Noticed a two-headed ogre
  7302 | D:9      | Killed a two-headed ogre
  7586 | D:9      | Reached skill level 5 in Armour
  7597 | D:9      | Reached skill level 6 in Armour
  7741 | D:9      | Paralysed by a hornet for 1 turns
  8195 | D:9      | Noticed a deep troll
  8210 | D:10     | Entered Level 10 of the Dungeon
  8319 | D:10     | Noticed a two-headed ogre
  8331 | D:10     | Killed a two-headed ogre
  8332 | D:10     | Reached XP level 11. HP: 47/95 MP: 10/10
  8348 | D:10     | Noticed Snorg
  8473 | D:10     | Found Ziacro's Book Boutique.
  8665 | D:10     | Noticed Grum
  8685 | D:10     | Killed Grum
  8917 | D:10     | Reached skill level 10 in Fighting
  9018 | D:10     | HP: 2/101 [vampire mosquito (7)]
  9035 | D:10     | Gained mutation: You are somewhat inexperienced. (-1 XL)
                  | [Ru sacrifice]
  9035 | D:10     | Reached XP level 10. HP: 34/94 MP: 9/9
  9035 | D:10     | Reached ***** piety under Ru
  9227 | D:10     | Found a stormy altar of Qazlal.
  9759 | D:10     | Noticed Lodul
  9779 | D:10     | Killed Lodul
  9876 | D:10     | Reached skill level 1 in Polearms
 10002 | D:9      | Noticed a deep troll
 10010 | D:9      | Killed a deep troll
 10014 | D:9      | Killed a deep troll
 10142 | D:9      | Found the necklace of Bloodlust {Fury *Rage Will++ Int-3
                  | Slay+6}
 10223 | D:11     | Noticed a two-headed ogre
 10225 | D:11     | Noticed a two-headed ogre
 10230 | D:11     | Killed a two-headed ogre
 10231 | D:11     | Reached skill level 5 in Polearms
 10246 | D:11     | Killed a two-headed ogre
 10314 | D:11     | Noticed a boulder beetle
 10383 | D:11     | Killed a boulder beetle
 10384 | D:11     | Reached XP level 11. HP: 66/104 MP: 10/10
 10493 | D:11     | Noticed an ogre mage
 10522 | D:11     | Noticed a boulder beetle
 10776 | D:11     | Killed a boulder beetle
 10869 | D:11     | Found a staircase to the Lair.
 11299 | D:11     | Killed an ogre mage
 11478 | D:12     | Noticed a two-headed ogre
 11486 | D:12     | Killed a two-headed ogre
 11822 | D:11     | Gained mutation: You cannot voluntarily change form. [Ru
                  | sacrifice]
 11824 | Lair:1   | Entered Level 1 of the Lair of Beasts
 12908 | Lair:2   | Noticed a seven-headed hydra
 12921 | Lair:2   | Killed a seven-headed hydra
 12962 | Lair:2   | Noticed Urug
 12972 | Lair:2   | Killed Urug
 12973 | Lair:2   | Reached skill level 10 in Throwing
 13333 | Lair:2   | Noticed Sonja
 13342 | Lair:2   | Killed Sonja
 13343 | Lair:2   | Reached skill level 7 in Armour
 13455 | Lair:2   | Noticed a catoblepas
 13465 | Lair:2   | Killed a catoblepas
 13567 | Lair:2   | Found a staircase to the Shoals.
 13849 | Lair:2   | Reached XP level 12. HP: 112/112 MP: 11/11
 13968 | Lair:2   | Reached skill level 8 in Armour
 14680 | Lair:3   | Found a hole to the Spider Nest.
 14695 | Lair:3   | Reached skill level 5 in Axes
 16794 | Lair:5   | Entered Level 5 of the Lair of Beasts
 17079 | Lair:5   | Reached skill level 10 in Axes
 17296 | Lair:5   | Reached skill level 9 in Armour
 17646 | Lair:5   | Reached skill level 10 in Armour
 17996 | Lair:5   | Identified the +6 orcbow of a Billion Lovers {drain, rPois
                  | rF+++ Will- SInv}
 18066 | Lair:5   | Reached skill level 1 in Ranged Weapons
 18079 | Lair:5   | Reached XP level 13. HP: 118/118 MP: 12/12
 18159 | Lair:5   | Found a viscous altar of Jiyva.
 18163 | Lair:5   | Found a staircase to the Slime Pits.
 19364 | Lair:5   | Found a corrupted altar of Lugonu.
 19364 | Lair:5   | Found a one-way gate to the infinite horrors of the Abyss.
 20011 | D:10     | Killed Snorg
 20188 | D:12     | Got Peoveup's Tractate on Malignant Arts and the Welkin
 20194 | D:12     | Found a shimmering altar of Xom.
 20194 | D:12     | Found a shimmering altar of Xom.
 20204 | D:12     | Found a shimmering altar of Xom.
 20204 | D:12     | Found a shimmering altar of Xom.
 20664 | D:12     | Found a staircase to the Orcish Mines.
 20688 | Orc:1    | Entered Level 1 of the Orcish Mines
 20890 | Orc:2    | Entered Level 2 of the Orcish Mines
 21140 | Orc:2    | Noticed Maurice
 21182 | Orc:1    | Something stole a +3 antimagic falchion
 21194 | Orc:1    | Killed Maurice
 21207 | Orc:2    | Noticed an orc warlord
 21350 | Orc:1    | Killed an orc warlord
 21426 | Orc:2    | Reached skill level 15 in Axes
 21498 | Orc:2    | Noticed Erolcha
 21510 | Orc:2    | Killed Erolcha
 21589 | Orc:2    | Reached skill level 5 in Ranged Weapons
 21789 | Orc:2    | Found Wiat's General Store.
 21819 | Orc:2    | Found Puneel's Antique Armour Emporium.
 21857 | Orc:2    | Found Wekeh's Antique Weapon Emporium.
 21873 | Orc:2    | Found Qokhla Joi's Book Emporium.
 22069 | Orc:2    | Found a staircase to the Elven Halls.
 22258 | Orc:1    | Noticed Harold
 22269 | Orc:1    | Noticed an orc warlord
 22384 | Orc:1    | Killed Harold
 22492 | Orc:1    | Found Daim's CLEARANCE SALE!.
 22634 | Orc:1    | Killed an orc warlord
 22808 | Orc:1    | Bought 5 boomerangs for 10 gold pieces
 22923 | Orc:2    | Bought the +8 plate armour of the Fifty Princes {Dex+4} for
                  | 1332 gold pieces
 22985 | Orc:2    | Bought a pair of translucent boots for 313 gold pieces
 22985 | Orc:2    | Identified the +0 pair of boots of the Catamount {Rampage
                  | rC++ Dex-3} (You bought it in a shop on level 2 of the
                  | Orcish Mines)
 23103 | D:12     | Got the Quarto of Glacial Combustion
 23542 | D:13     | Reached XP level 14. HP: 91/126 MP: 13/13
 24417 | D:14     | Noticed Rupert
 24417 | D:14     | Found a gate to the Vaults.
 24429 | D:14     | Killed Rupert
 24430 | D:14     | Reached skill level 10 in Ranged Weapons
 25625 | D:15     | Entered Level 15 of the Dungeon
 25631 | D:15     | Found Eramiej's Magic Scroll Emporium.
 25642 | D:15     | Bought a scroll of acquirement for 676 gold pieces
 25642 | D:15     | Acquired a manual of Fighting
 26274 | D:15     | Found a staircase to the Depths.
 26396 | D:15     | Reached skill level 15 in Fighting
 26699 | D:15     | Found a white marble altar of Elyvilon.
 27070 | Spider:1 | Entered Level 1 of the Spider Nest
 27542 | Spider:1 | Upgraded the game from 0.31.0-10-gcf4a605ca0 to
                  | 0.31.0-11-ge490571c62
 27990 | Spider:1 | Reached XP level 15. HP: 147/147 MP: 14/14
 28266 | Spider:2 | Noticed Arachne
 29640 | Spider:2 | Killed Arachne
 29647 | Spider:2 | Reached skill level 11 in Armour
 29703 | Spider:2 | Identified the +0 helmet "Coseser" {rPois rC- Int+4}
 30422 | Spider:3 | Noticed Agnes
 30428 | Spider:2 | Reached skill level 12 in Armour
 30521 | Spider:3 | Identified the serpent talisman "Bybifrumn" {Str+6 Int+3}
 30521 | Spider:3 | Noticed Aizul
 30527 | Spider:3 | Noticed Jorgrun
 30529 | Spider:3 | Killed Aizul
 30741 | Shoals:1 | Entered Level 1 of the Shoals
 30877 | Shoals:1 | Reached skill level 13 in Armour
 30968 | Lair:2   | Gained mutation: You are partially covered in iridescent
                  | scales. (AC +2) [potion of mutation]
 30968 | Lair:2   | Gained mutation: You have sharp toenails. [potion of
                  | mutation]
 30969 | Lair:2   | Lost mutation: You are partially covered in iridescent
                  | scales. (AC +2) [potion of mutation]
 30969 | Lair:2   | Lost mutation: You have sharp toenails. [potion of
                  | mutation]
 30969 | Lair:2   | Gained mutation: You are frail. (-10% HP) [potion of
                  | mutation]
 30970 | Lair:2   | Lost mutation: You are frail. (-10% HP) [potion of
                  | mutation]
 30970 | Lair:2   | Gained mutation: You are somewhat resistant to further
                  | mutation. [potion of mutation]
 30970 | Lair:2   | Gained mutation: You are partially covered in large bone
                  | plates. (SH +4) [potion of mutation]
 31072 | Shoals:1 | Identified the +6 war axe of Res Nullius {holy, rC+++ Int+4
                  | SInv}
 31537 | Shoals:1 | Reached skill level 14 in Armour
 31764 | Shoals:1 | Noticed a kraken
 31773 | Shoals:1 | Killed a kraken
 32767 | Shoals:2 | Reached skill level 15 in Armour
 33063 | Shoals:2 | Identified the +5 chain mail of Ucifox {Will++ Int-5}
 33183 | Shoals:2 | Noticed a kraken
 33200 | Shoals:2 | Killed a kraken
 33201 | Shoals:2 | Reached XP level 16. HP: 162/162 MP: 15/15
 33252 | Shoals:2 | Reached skill level 16 in Armour
 33409 | Shoals:2 | Noticed Ilsuiw
 33504 | Shoals:2 | Killed Ilsuiw
 33748 | Shoals:3 | Identified the +1 chain mail of Museif {rN+ Int+3}
 33949 | Slime:1  | Entered Level 1 of the Pits of Slime
 34006 | Slime:1  | Paralysed by a formless jellyfish for 1 turns
 34065 | Slime:1  | Noticed an acid blob
 34076 | Slime:1  | Killed an acid blob
 34340 | Slime:1  | Gained mutation: You have supernaturally acute eyesight.
                  | (SInv) [a shining eye]
 34348 | Slime:1  | Gained mutation: Armour fits poorly on your strangely
                  | shaped body. [a shining eye]
 34424 | Slime:1  | Noticed an acid blob
 34429 | Slime:1  | Killed an acid blob
 34928 | Slime:2  | Noticed an acid blob
 34939 | Slime:2  | Killed an acid blob
 35060 | Slime:2  | Noticed an acid blob
 35117 | Slime:2  | Killed an acid blob
 35678 | Slime:3  | Noticed an acid blob
 35688 | Slime:3  | Killed an acid blob
 36084 | Spider:3 | Killed Jorgrun
 36148 | Spider:3 | Acquired the ring "Luosett" {Fly rElec rCorr Str+3 Int+6}
 36480 | Spider:3 | Killed Agnes
 37565 | Spider:4 | Entered Level 4 of the Spider Nest
 37842 | Spider:4 | Identified the +6 great sword of the Exiled Leylines {elec,
                  | +Blink Fly Int-2 Stlth-}
 38381 | Spider:4 | Noticed Louise
 38390 | Spider:4 | Reached XP level 17. HP: 170/170 MP: 16/16
 39017 | Spider:4 | Reached skill level 15 in Dodging
 39180 | Spider:4 | Identified the +2 pair of boots "Onkayqa" {rElec Regen+
                  | Str+3}
 39200 | Spider:4 | Got a gossamer rune of Zot
 39462 | Spider:4 | Killed Louise
 41354 | Shoals:3 | Noticed Polyphemus
 41369 | Shoals:3 | Killed Polyphemus
 41814 | Shoals:3 | Found Idiar's Weapon Boutique.
 41850 | Shoals:3 | Reached skill level 15 in Throwing
 42743 | Shoals:4 | Entered Level 4 of the Shoals
 42743 | Shoals:4 | Noticed Nikola
 43788 | Shoals:4 | Killed Nikola
 44189 | Shoals:4 | Got a barnacled rune of Zot
 44392 | Shoals:4 | Identified the amulet of Igacwoid {Harm Regen+ Dex+2
                  | Stlth+}
 45367 | Slime:4  | Gained mutation: You are dopey. (Int -2) [a shining eye]
 45376 | Slime:4  | Reached XP level 18. HP: 156/179 MP: 17/17
 45631 | Slime:5  | Entered Level 5 of the Pits of Slime
 45692 | Slime:5  | Reached skill level 17 in Armour
 45863 | Slime:5  | Noticed the Royal Jelly
 45925 | Slime:5  | Killed the Royal Jelly
 46064 | Slime:5  | Reached skill level 18 in Armour
 46114 | Slime:5  | Identified the +6 sling of Suoffesch {flame, rCorr}
 46120 | Slime:5  | Got a slimy rune of Zot
 46126 | Slime:5  | Identified the +1 plate armour of Elitism {Dex+5}
 46252 | Slime:5  | Found the macabre finger necklace {Finger+ rN+}
 46429 | Slime:5  | Identified the +7 sling "Efoux" {freeze, rPois Will+}
 46603 | Slime:5  | Identified the death talisman of Qaeme {rC+}
 47236 | Elf:1    | Entered Level 1 of the Elven Halls
 48640 | Elf:2    | Noticed Donald
 48646 | Elf:2    | Killed Donald
 48884 | Elf:2    | Found a runed translucent gate.
 48885 | Elf:2    | Found a runed translucent gate.
 48885 | Elf:2    | Found a runed translucent gate.
 49111 | Elf:2    | Noticed Roxanne
 49211 | Elf:2    | Noticed Azrael
 49235 | Elf:2    | Killed Azrael
 49908 | Elf:2    | Reached XP level 19. HP: 191/191 MP: 18/18
 50480 | Vaults:1 | Entered Level 1 of the Vaults
 50643 | Vaults:1 | Noticed Asterion
 50647 | Vaults:1 | Killed Asterion
 50760 | Vaults:1 | Found a flickering gateway to a bazaar.
 50765 | Bazaar   | Entered a bazaar
 50766 | Bazaar   | Found Qagosepli's Magic Scroll Shop.
 50766 | Bazaar   | Found Jenur's Book Boutique.
 50767 | Bazaar   | Found Wemariehul's Magic Scroll Emporium.
 50802 | Bazaar   | Found Yshrouloh's Distillery.
 50812 | Bazaar   | Bought a potion of heal wounds for 70 gold pieces
 50812 | Bazaar   | Bought a potion of haste for 140 gold pieces
 50812 | Bazaar   | Bought a potion of haste for 140 gold pieces
 50812 | Bazaar   | Bought a potion of heal wounds for 70 gold pieces
 50812 | Bazaar   | Bought a potion of curing for 42 gold pieces
 50827 | Bazaar   | Bought a scroll of fear for 52 gold pieces
 50827 | Bazaar   | Bought a scroll of blinking for 97 gold pieces
 50827 | Bazaar   | Bought a scroll of blinking for 97 gold pieces
 50827 | Bazaar   | Bought a scroll of blinking for 97 gold pieces
 50827 | Bazaar   | Bought a scroll of fear for 52 gold pieces
 53684 | Vaults:2 | Paralysed by a formless jellyfish for 1 turns
 53969 | Vaults:2 | Paralysed by a formless jellyfish for 1 turns
 54837 | Vaults:3 | Reached XP level 20. HP: 203/203 MP: 19/19
 55249 | Vaults:3 | Found a staircase to the Crypt.
 55315 | Vaults:3 | Reached skill level 15 in Shields
 56414 | Vaults:3 | Found Tousamof's Jewellery Shoppe.
 58502 | Vaults:4 | Noticed Zenata
 58846 | Depths:1 | Entered Level 1 of the Depths
 59256 | Depths:1 | Found a gateway to Hell.
 59541 | Depths:1 | Reached skill level 15 in Ranged Weapons
 59841 | Depths:1 | Reached XP level 21. HP: 208/208 MP: 20/20
 60163 | Depths:1 | Reached skill level 19 in Armour
 62630 | Depths:2 | Noticed a golden dragon
 62644 | Depths:2 | Killed a golden dragon
 62831 | Depths:2 | Identified the +10 quarterstaff "Siwestrow" {flame, Fly rC-
                  | rN+ Dex+7}
 62835 | Depths:2 | Identified the +10 rapier of Geirherph {flame, rF+ rC+
                  | rCorr}
 62866 | Depths:2 | Noticed a golden dragon
 63202 | Depths:2 | Killed a golden dragon
 63371 | Depths:3 | Found a one-way gate leading to the halls of Pandemonium.
 63463 | Depths:3 | Found an ancient bone altar of Kikubaaqudgha.
 63860 | Depths:3 | Noticed Xtahua
 63890 | Depths:3 | Killed Xtahua
 63891 | Depths:3 | Reached skill level 20 in Armour
 64117 | Depths:3 | Noticed Norris
 64133 | Depths:3 | Killed Norris
 64389 | Depths:3 | Noticed Vv
 64432 | Depths:3 | Killed Vv
 64716 | Depths:3 | Reached XP level 22. HP: 220/220 MP: 21/21
 64856 | Depths:3 | Identified the +0 leather armour of Stained the Good {rN+
                  | Will+ Dex+2}
 64911 | Depths:3 | Found the +3 salamander hide armour {Flames, rFlCloud rF++
                  | rC--}
 65616 | Depths:3 | Found Mapt's Distillery.
 65622 | Depths:3 | Found Vipn's General Store.
 65770 | Depths:4 | Entered Level 4 of the Depths
 66263 | Depths:4 | Found a one-way gateway to a ziggurat.
 66486 | Depths:4 | Reached skill level 21 in Armour
 67146 | Depths:4 | Found a gate to the Realm of Zot.
 67950 | Zot:1    | Entered Level 1 of the Realm of Zot
 67959 | Zot:1    | Reached skill level 22 in Armour
 72155 | Zot:3    | Reached XP level 23. HP: 226/226 MP: 22/22
 74009 | Zot:3    | Reached skill level 23 in Armour
 74993 | Zot:4    | Reached skill level 24 in Armour
 76217 | Zot:4    | Noticed an orb of fire
 76231 | Zot:4    | Gained mutation: You sometimes lose your temper in combat.
                  | [an orb of fire]
 76244 | Zot:4    | Killed an orb of fire
 76786 | Zot:5    | Entered Level 5 of the Realm of Zot
 76920 | Zot:5    | Noticed an orb of fire
 76928 | Zot:5    | Gained mutation: You have an uncontrollable temper. [an orb
                  | of fire]
 77031 | Zot:5    | Killed an orb of fire
 77428 | Zot:4    | Reached skill level 5 in Stealth
 78906 | Zot:5    | Noticed a Killer Klown
 78970 | Zot:5    | Killed a Killer Klown
 79321 | Zot:5    | Noticed a Killer Klown
 79341 | Zot:5    | Killed a Killer Klown
 79443 | Zot:5    | Reached XP level 24. HP: 235/235 MP: 22/22
 79573 | Zot:5    | Noticed a Killer Klown
 79613 | Zot:5    | Killed a Killer Klown
 80347 | Zot:5    | Noticed a Killer Klown
 80387 | Zot:5    | Noticed a Killer Klown
 80392 | Zot:5    | Killed a Killer Klown
 80670 | Zot:5    | Killed a Killer Klown
 80785 | Zot:5    | Noticed an orb of fire
 80940 | Zot:5    | Killed an orb of fire
 81108 | Zot:5    | Noticed a Killer Klown
 81141 | Zot:5    | Killed a Killer Klown
 81181 | Zot:5    | Noticed an orb of fire
 81211 | Zot:5    | HP: 9/235 [orb of fire/fireball (21)]
 81411 | Zot:5    | Killed an orb of fire
 81515 | Zot:5    | Noticed a Killer Klown
 81556 | Zot:5    | Killed a Killer Klown
 81639 | Zot:5    | Noticed a Killer Klown
 81659 | Zot:5    | Killed a Killer Klown
 81738 | Zot:5    | Noticed an ancient lich
 81772 | Zot:5    | Killed an ancient lich
 82151 | Zot:5    | Noticed a Killer Klown
 82170 | Zot:5    | Noticed an orb of fire
 82327 | Zot:5    | Gained mutation: You are frail. (-10% HP) [an orb of fire]
 82329 | Zot:5    | Lost mutation: You are frail. (-10% HP) [an orb of fire]
 82346 | Zot:5    | Killed an orb of fire
 82504 | Zot:5    | Noticed a Killer Klown
 82865 | Zot:5    | Killed a Killer Klown
 83155 | Zot:5    | Killed a Killer Klown
 84087 | Zot:5    | Got the Orb of Zot
 84375 | Depths:2 | Found a radiant altar of Vehumet.
 84713 | D:7      | Noticed Juroq the pandemonium lord
 84873 | D:$      | Escaped with the Orb!

Illustrated notes

Levels and vault maps discovered:
D:1:      saegor_arrival_miasma, layout_basic, basic_ecumenical_altar
D:2:      layout_basic
D:3:      layout_rooms
D:4:      layout_cave_pools, st_stairs_4, grunt_ministairs_8,
          kennysheep_crisscross
D:5:      layout_cave_pods, minmay_temple_entry_water_ring,
          nicolae_kite_square_tiling_tiny, skrybe_limestone_x,
          patterned_corridor, uniq_pikel
D:6:      layout_basic
D:7:      layout_cave_pools
D:8:      layout_basic, chequers_temple_overflow_statue_of_worship
D:9:      layout_irregular_city, hellmonk_guarded_unrand_vitality_bloodlust
D:10:     layout_big_octagon, mainiacjoe_overflow_small_starburst, serial_shops,
          nicolae_shop_temple_entry_statues_fountains, serial_gnoll_camp,
          gnoll_camp_medium_01, gnoll_camp_mini_hut, gnoll_camp_mini_hut,
          gnoll_camp_mini_hut, minmay_misc_feat_more_columns, uniq_lodul,
          uniq_grum, uniq_snorg
D:11:     layout_irregular_city, lair_entry_dummy, minmay_pinched_square
D:12:     layout_roguey, david_orc_5, xom_shifter_show
D:13:     layout_stronghold
D:14:     layout_loops_cross, david_vaults_3
D:15:     hellmonk_depths_entry_around_the_bend, layout_loops_ring,
          elyvilon_altar_4, serial_shops, nicolae_shop_advertising_works
          [nicolae_subvault_shop_adworks], minmay_checkerbox
Lair:1:   layout_misc_corridors, nicolae_quartered_pool_impasse
Lair:2:   layout_regular_city, minmay_shoals_entry_lonely_mermaid, uniq_urug,
          uniq_sonja
Lair:3:   layout_regular_city, nicolae_spider_entry_non_spiders
Lair:4:   layout_regular_city
Lair:5:   hellmonk_lair_end_abyssal_woods, layout_layer_cave,
          minmay_slime_entry_pillars, infiniplex_staircase_pool,
          lemuel_fruit_fields
Shoals:1: layout_shoals, nicolae_shoals_lost_giant_amphitheater
Shoals:2: layout_shoals, uniq_ilsuiw
Shoals:3: layout_shoals, serial_shops, nicolae_shop_window_shopping,
          uniq_polyphemus
Shoals:4: shoals_end_hangedman, layout_shoals, shoal_ilsuiw,
          nicolae_shoals_arrival_archipelago, uniq_nikola
Spider:1: layout_spider_delve, uniq_rupert
Spider:2: nicolae_spider_hilbert_zone_1 [nicolae_spider_hilbert_4_sides_1_open,
          nicolae_spider_hilbert_4_sides_1_open,
          nicolae_spider_hilbert_4_sides_1_open,
          nicolae_spider_hilbert_4_sides_1_open,
          nicolae_spider_hilbert_3_sides_1_open,
          nicolae_spider_hilbert_3_sides_1_open,
          nicolae_spider_hilbert_3_sides_1_open,
          nicolae_spider_hilbert_3_sides_1_open,
          nicolae_spider_hilbert_3_sides_1_open,
          nicolae_spider_hilbert_6_sides_1_open,
          nicolae_spider_hilbert_6_sides_1_open,
          nicolae_spider_hilbert_3_sides_1_open,
          nicolae_spider_hilbert_3_sides_1_open,
          nicolae_spider_hilbert_3_sides_1_open,
          nicolae_spider_hilbert_3_sides_1_open,
          nicolae_spider_hilbert_2_sides_1_open], uniq_arachne
Spider:3: layout_cave_pods, uniq_jorgrun, uniq_aizul, uniq_agnes
Spider:4: hellmonk_spider_rune_bug_friends, drop_trap, uniq_louise
Slime:1:  layout_caves, nicolae_slime_getting_an_eyeful
Slime:2:  layout_caves
Slime:3:  layout_caves
Slime:4:  layout_caves
Slime:5:  slime_pit_nicolae_inversion
Orc:1:    layout_caves, nicolae_shop_clearance, uniq_harold
Orc:2:    grunt_orc_cross, layout_caves, uniq_erolcha, uniq_maurice
Elf:1:    eino_elf_arrival_customs, layout_loops_cross,
          nicolae_elf_crossing_hall
Elf:2:    nicolae_elf_blades_crystal_corner, layout_gridlike, uniq_azrael,
          uniq_roxanne, uniq_donald
Vaults:1: nicolae_vaults_cochlea, nicolae_vaults_trapezoid_layered,
          nicolae_vaults_storage_closets_2, v_rooms_3, ontoclasm_vaults_hangar,
          nicolae_vaults_meiosis, nicolae_vaults_door_testing_chamber,
          nicolae_vaults_sesquioval_fish, nicolae_vaults_heist,
          grunt_vaults_bifocal, vaults_room_grid,
          nicolae_vaults_little_squares_4, serial_ice_h,
          nicolae_vaults_double_plus_1, layout_vaults_omnicross, serial_shops,
          bzr_entry_road, uniq_asterion
Vaults:2: nicolae_vaults_mini_display_case, dpeg_vaults_monster_row,
          nicolae_vaults_sightless_eye, nicolae_vaults_stairing_the_circle,
          vaults_mumra_lcd, vaults_room_door_ring, v_misc_25,
          nicolae_vaults_house_1, ontoclasm_vaults_pinch,
          nicolae_vaults_specimen_jars, layout_vaults_quadrants
Vaults:3: hangedman_vaults_river_flow, nicolae_vaults_big_ls,
          minmay_crypt_entry_simple_statues, nicolae_vaults_oval_intersection,
          ontoclasm_vaults_shuriken, ontoclasm_vaults_decontamination,
          v_alt_pattern_2, nicolae_vaults_heart-shaped_vault,
          nicolae_vaults_closet_pinwheel_4, ontoclasm_vaults_misaligned,
          vaults_dpeg_hooks, nicolae_vaults_two_Ls,
          nicolae_vaults_double_plus_1, layout_vaults_ring, serial_shops, shop
Vaults:4: nicolae_vaults_security_offices_6, nicolae_vaults_arrows,
          nicolae_vaults_apartment_1, nicolae_vaults_windows_and_doors_thing,
          nicolae_vaults_lightning_bolt, v_misc_30, layout_vaults_chaotic_city,
          serial_shops, shop, uniq_zenata
Depths:1: kennysheep_bubbly, layout_cave_pools,
          nicolae_abyss_entry_one_way_or_another, hell_entry,
          kennysheep_small_spiral, nrook_pool_corridor, kennysheep_potato
Depths:2: nzn_winding_woodlands_huge [nzn_winding_woodlands_5x15_concentric,
          nzn_winding_woodlands_5x15_river_crossing,
          nzn_winding_woodlands_5x15_twine, nzn_winding_woodlands_5x15_crooked,
          nzn_winding_woodlands_5x15_sawtooth,
          nzn_winding_woodlands_5x15_garden, nzn_winding_woodlands_5x15_parted,
          nzn_winding_woodlands_5x15_longhouse,
          nzn_winding_woodlands_5x15_sidewinder,
          nzn_winding_woodlands_5x15_pockets,
          nzn_winding_woodlands_center_lodge,
          nzn_winding_woodlands_center_triple_pond,
          nzn_winding_woodlands_15x15_thick_spiral], layout_gridlike,
          nicolae_vehumet_radiance, rand_demon_pan_entry_1, hell_entry,
          uniq_enchantress
Depths:3: dreamdust_under_siege, layout_cave_pools, hell_entry, abyss_entry,
          pan_entry, hellmonk_guarded_unrand_salamander,
          infiniplex_staircase_pool_2, serial_bayou_shore_b, minmay_shop_star,
          uniq_vv, uniq_norris, uniq_xtahua
Depths:4: grunt_zot_entry_tricorne, layout_long_grid, enter_ziggurat_b,
          hell_entry, kennysheep_random_hallway
Zot:1:    layout_misc_corridors, grunt_megastairs_5
Zot:2:    layout_gridlike, hangedman_zot_gyre
Zot:3:    layout_gridlike
Zot:4:    layout_cellular_growth, hangedman_zot_spectrum
Zot:5:    layout_misc_corridors, st_stairs_4

Skill      XL: |  1  2  3  4  5  6  7  8  9 10 11 12 13 14 15 16 17 18 19 20 21 22 23 24 |
---------------+-------------------------------------------------------------------------+-----
Fighting       | 4 6 8 12 10 17 20 22 23 | 23.0
Armour         | 4 6 7 10 15 16 18 20 22 24 | 24.1
Shields        | 4 6 9 12 13 17 20 21 23 | 23.0
Dodging        | 1 2 4 6 10 11 12 14 16 17 20 21 22 23 | 23.6
Throwing       | 1 3 4 5 6 10 13 16 | 16.0
Stealth        | 1 2 3 4 6 8 |  8.0
Maces & Flails | 3 |  3.4
Polearms       | 5 7 |  7.7
Axes           | 10 15 18 19 | 19.3
Ranged Weapons | 3 8 12 15 | 15.0

Action                     |  1- 3 |  4- 6 |  7- 9 | 10-12 | 13-15 | 16-18 | 19-21 | 22-24 || total
---------------------------+-------+-------+-------+-------+-------+-------+-------+-------++-------
  Melee: War axe           |    78 |    66 |    24 |   233 |   754 |   779 |   960 |  1030 ||  3924
         Headbutt          |    10 |     7 |    38 |   140 |   194 |   218 |   323 |   354 ||  1284
         Short sword       |    12 |    34 |       |       |       |       |       |       ||    46
         Whip              |       |       |   135 |   290 |       |       |       |       ||   425
         Trident           |       |       |       |   183 |       |       |       |       ||   183
         Punch             |       |       |       |       |     2 |       |       |       ||     2
   Fire: Orcbow            |       |       |       |       |    99 |       |       |       ||    99
         Hand cannon       |       |       |       |       |       |       |   105 |   177 ||   282
  Throw: Boomerang         |       |    25 |   128 |   158 |   434 |   557 |   312 |   203 ||  1817
         Dart              |       |       |    39 |    66 |       |    55 |    31 |    31 ||   222
         Javelin           |       |       |       |       |       |    50 |    80 |   177 ||   307
         Throwing net      |       |       |       |       |       |       |     1 |     2 ||     3
 Invoke: Sacrifice Artific |     1 |       |       |       |       |       |       |       ||     1
         Sacrifice Purity  |       |     1 |       |       |       |       |       |       ||     1
         Sacrifice Arcana  |       |       |     1 |       |       |       |       |       ||     1
         Sacrifice Essence |       |       |       |     1 |       |       |       |       ||     1
         Sacrifice Experie |       |       |       |     1 |       |       |       |       ||     1
         Sacrifice Forms   |       |       |       |     1 |       |       |       |       ||     1
         Apocalypse        |       |       |       |       |       |     2 |       |       ||     2
    Use: Scroll            |       |    12 |       |    12 |    15 |    12 |     5 |     5 ||    61
         Potion            |       |       |       |     2 |     3 |       |     1 |     8 ||    14
   Stab: Sleeping          |       |     2 |       |     3 |       |       |       |       ||     5
         Paralysed         |       |       |       |     6 |     5 |    21 |     1 |     1 ||    34
         Invisible         |       |       |       |     5 |     2 |     5 |     1 |    16 ||    29
         Distracted        |       |       |       |       |     3 |     5 |     5 |     5 ||    18
         Held in net/web   |       |       |       |       |       |       |     1 |       ||     1
 Armour: Scale mail        |    49 |       |       |       |       |       |       |       ||    49
         Robe              |     2 |    42 |   109 |   234 |       |       |       |       ||   387
         Acid dragon scale |       |       |       |   152 |    77 |       |       |       ||   229
         Plate armour      |       |       |       |       |   519 |   415 |   377 |   553 ||  1864
         Leather armour    |       |       |       |       |       |       |       |    26 ||    26
  Dodge: Dodged            |    42 |    52 |   115 |   380 |   302 |   266 |   230 |   353 ||  1740
  Block: Buckler           |    18 |    12 |    42 |   186 |    56 |       |       |       ||   314
         Kite shield       |       |       |       |       |   310 |   588 |   655 |   897 ||  2450
         Reflection        |       |       |       |       |    47 |    38 |    77 |    54 ||   216
